 Dungeon Crawl Stone Soup version 0.27.1-35-g4d5d836560 (console) character file.

Game seed: 4443777341656423541

627 Faeu the Firebug (level 7, -2/36 HPs)
             Began as a Deep Elf Fire Elementalist on May 11, 2022.
             Splashed by Pikel's acid (6 damage)
             ... on level 4 of the Dungeon.
             The game lasted 00:54:19 (6866 turns).

Faeu the Firebug (Deep Elf Fire Elementalist)       Turns: 6866, Time: 00:54:20

Health: -2/36      AC:  0    Str:  5    XL:     7   Next: 23%
Magic:  0/16       EV: 13    Int: 20    God:
Gold:   229        SH:  0    Dex: 17    Spells: 14/15 levels left

rFire    . . .     SeeInvis .   b - staff of conjuration {!a@e2staff}
rCold    . . .     Faith    .   (no shield)
rNeg     . . .     Spirit   +   r - +0 leather armour
rPois    .         Reflect  .   (no helmet)
rElec    .         Harm     .   (no cloak)
rCorr    +         Rampage  .   y - +0 pair of gloves
Will     .....                  (no boots)
Stlth    +++.......             p - amulet of guardian spirit
HPRegen  0.12/turn              x - ring of resist corrosion
MPRegen  0.15/turn              (no ring)

@: corroded
A: no striking features
a: no special abilities


You were on level 4 of the Dungeon.
You visited 1 branch of the dungeon, and saw 5 of its levels.

You collected 229 gold pieces.


   Skills:
 - Level 1.2 Staves
 - Level 4.3 Dodging
 - Level 4.5 Stealth
 - Level 4.8 Spellcasting
 - Level 3.3 Conjurations
 - Level 1.1 Hexes
 * Level 5.9 Fire Magic


You had 14 spell levels left.
You knew the following spells:

 Your Spells              Type           Power      Damage    Failure   Level
a - Foxfire               Conj/Fire      100%       2x1d9     3%          1

Your spell library contained the following spells:

 Spells                   Type           Power      Damage    Failure   Level
 Conjure Flame            Conj/Fire      35%        6-21      9%          3
 Inner Flame              Hex/Fire       19%        N/A       14%         3
 Sticky Flame             Conj/Fire      35%        2d5       28%         4
 Fireball                 Conj/Fire      17%        3d9       63%         5

Inventory:

Hand Weapons
 a - a +1 short sword of holy wrath {short}
   (You took it off an orc on level 4 of the Dungeon)
 h - a +0 dagger {short}
   (You took it off a goblin on level 1 of the Dungeon)
 B - a +0 dagger {short}
   (You took it off a kobold on level 1 of the Dungeon)
 F - a +0 dagger of holy wrath {short}
   (You took it off an orc wizard on level 4 of the Dungeon)
Missiles
 e - 106 stones {throwing}
 k - 32 arrows
 m - 17 bolts
 w - 14 poisoned darts {throwing}
 E - 3 boomerangs {throwing}
Armour
 c - a +0 scale mail
   (You found it on level 1 of the Dungeon)
 d - a +0 robe
 q - a +0 pair of gloves
   (You found it on level 1 of the Dungeon)
 r - a +0 leather armour (worn)
   (You took it off an orc on level 3 of the Dungeon)
 y - a +0 pair of gloves (worn)
   (You found it on level 4 of the Dungeon)
 A - a +0 chain mail of fire resistance
   (You took it off an orc on level 3 of the Dungeon)
 C - a +0 robe
   (You took it off an orc wizard on level 4 of the Dungeon)
Magical Staves
 b - a staff of conjuration (weapon) {!a@e2staff}
   (You found it on level 3 of the Dungeon)
 j - a staff of earth {!astaff}
   (You found it on level 1 of the Dungeon)
Jewellery
 p - an amulet of guardian spirit (around neck)
   (You found it on level 2 of the Dungeon)
 x - a ring of resist corrosion (left hand)
   (You found it on level 4 of the Dungeon)
Wands
 D - a wand of digging (1)
   (You took it off Eustachio on level 4 of the Dungeon)
Scrolls
 f - 2 scrolls of teleportation {unknown}
 g - 3 scrolls of identify {unknown}
 l - 2 scrolls of immolation {unknown}
 o - 3 scrolls of blinking {unknown}
 s - a scroll of silence {unknown}
 u - a scroll of fear {unknown}
 z - a scroll of noise {unknown}
Potions
 i - 4 potions of might {unknown}
 n - a potion of resistance {unknown}
 t - 2 potions of curing {unknown}
 v - a potion of invisibility {unknown}

Dungeon Overview and Level Annotations

Branches:
Dungeon (5/15)
 Temple: D:4-7

Altars:

Annotations:
D:4 Pikel

#...................
#...........####....
##..........###..#..
#...........##.....
#.........#....####
##.......####...###
#......#####......
#####..####>.....####.
##......#.....########.
##..............## #....
#......@.........# #.###
#................###
##................##.
#..............w..##. #
#.5K#####.........##.# #
#..##.$.##............###
#.5#55∩.$#.........##..##
##.##([.##.......#####.##
#..#####..##...###......
######5......#### #.....5.
#......5.##........##).####.


You could see Pikel, a lemure and a dart slug (wandering).


Message History

F - a +0 dagger of holy wrath (weapon)
{short} Your +0 dagger of holy wrath {short} stops glowing.
Your +1 short sword of holy wrath {short} softly glows with a divine radiance!
a - a +1 short sword of holy wrath (weapon)
{short} Your +1 short sword of holy wrath {short} stops glowing.
b - a staff of conjuration (weapon)
{!a@e2staff} Your +1 short sword of holy wrath {short} softly glows with a divine radiance!
a - a +1 short sword of holy wrath (weapon)
{short} Your +1 short sword of holy wrath {short} stops glowing.
b - a staff of conjuration (weapon)
{!a@e2staff} A lemure comes into view.
The lemure moves out of view.
The quasit gives a chilling moan. x2
An endoplasm comes into view.
A ball python comes into view.
You feel a surge of power!
You conjure some foxfire!
The ball python hisses angrily.
The endoplasm quivers. 😎 MP[-1]
You lost 1 mp, and now have 15/16 mp.
You feel a surge of power!
You conjure some foxfire!
The foxfire hits the endoplasm. x2
You kill the endoplasm! 😎 MP[-1]
You lost 1 mp, and now have 14/16 mp.
You feel a surge of power!
You conjure some foxfire!
The foxfire hits the ball python. 😎 MP[-1]
You lost 1 mp, and now have 13/16 mp.
The foxfire hits the ball python!
You kill the ball python!
You feel a surge of power!
You conjure some foxfire! 😎 MP[-1]
You lost 1 mp, and now have 12/16 mp. 😎 MP[+1] 😎 MP[+1]
You see here a +0 dagger {short}.
You feel a surge of power!
You conjure some foxfire!
Pikel shouts! 😎 MP[-1]
You lost 1 mp, and now have 13/16 mp.
You feel a surge of power!
You conjure some foxfire! 😎 MP[-1]
You lost 1 mp, and now have 12/16 mp.
You feel a surge of power!
You conjure some foxfire!
The foxfire hits Pikel. x2
A lemure comes into view.
You feel a surge of power!
You conjure some foxfire!
The foxfire hits Pikel.
The foxfire hits Pikel but does no damage.
The foxfire hits Pikel!
The foxfire hits Pikel but does no damage. 😎 MP[-1]
You lost 1 mp, and now have 11/16 mp.
You feel a surge of power!
You conjure some foxfire!
The foxfire hits Pikel but does no damage. x2
The foxfire hits the lemure. 😎 MP[-1]
You lost 1 mp, and now have 10/16 mp.
You feel a surge of power!
You conjure some foxfire!
The foxfire hits Pikel but does no damage.
Pikel zaps a wand.
The bolt of acid hits you. You resist.
You are splashed with acid!
You resist. 😮 HP[-9] MP[-4]
You take 9 damage, and now have 27/36 hp.
MASSIVE DAMAGE!! (PAUSE)
You lost 4 mp, and now have 6/16 mp.
Really attack while wielding your staff of conjuration {!a@e2staff}? [Y]es or [N]o only, please.
Really attack while wielding your staff of conjuration {!a@e2staff}?
You closely miss Pikel.
The foxfire hits Pikel but does no damage.
The foxfire hits Pikel.
Pikel hits you with a +0 whip of electrocution!
The lemure hits you but does no damage. 😮 HP[-6] MP[-1]
You take 6 damage, and now have 21/36 hp.
You lost 1 mp, and now have 5/16 mp.
You hit Pikel but do no damage. The lemure hits you.
Pikel barely misses you. 😮 HP[-1]
You take 1 damage, and now have 20/36 hp.
You are too injured to fight recklessly! 😮 MP[+1] 😮 HP[+1] Pikel zaps a wand.
The bolt of acid hits you! You resist.
* * * LOW HITPOINT WARNING * * *
The acid corrodes you!
You are splashed with acid!
You resist.
* * * LOW HITPOINT WARNING * * *
😱 HP[-13] MP[-4]
You take 13 damage, and now have 8/36 hp.
MASSIVE DAMAGE!! (PAUSE)
You lost 4 mp, and now have 2/16 mp.
The lemure falls through a shaft!
The shaft crumbles and collapses. 😱 HP[+1] MP[+1] Pikel zaps a wand.
The bolt of acid misses you.
Pikel zaps a wand.
The bolt of acid hits you! You resist.
* * * LOW HITPOINT WARNING * * *
You are splashed with acid!
You resist.
You die...

Skill      XL: |  1  2  3  4  5  6 |
---------------+-------------------+-----
Stealth        | 3 4 |  4.5
Dodging        | 3 4 |  4.3
Conjurations   | 2 3 |  3.3
Spellcasting   | 4 |  4.8
Fire Magic     | 4 5 |  5.9
Hexes          | 1 |  1.1
Staves         | 1 |  1.2

Action                   |  1- 3 |  4- 6 |  7- 9 || total
-------------------------+-------+-------+-------++-------
Melee: Unarmed           |    10 |       |       ||    10
       Dagger            |    37 |    60 |       ||    97
       Staff             |       |   127 |     2 ||   129
 Cast: Foxfire           |    56 |   135 |    10 ||   201
Armor: Robe              |     3 |    19 |       ||    22
       Scale mail        |     7 |       |       ||     7
       Skin              |     1 |       |       ||     1
       Leather armour    |       |    43 |     1 ||    44
Dodge: Dodged            |    29 |   190 |     2 ||   221

Levels and vault maps discovered:
D:1:      eino_arrival_tree_alley, layout_rooms,
          shapermc_ecumenical_altar_mp_ritualfount
D:2:      layout_rooms, minmay_misc_feat_cross, minmay_tree_intersection
D:3:      layout_basic
D:4:      cheibrodos_quashed, layout_rooms, hangedman_decor_growths,
          uniq_eustachio, uniq_pikel
D:5:      layout_cave_pools, nicolae_ru_great_annihilating_truth,
          mainiacjoe_overflow_chevrons, minmay_temple_entry_from_below_a,
          serial_shops, nicolae_stop_n_shop_2, minivault_27,
          minmay_hollow_rounded_squares

Notes
Turn   | Place    | Note
-------+----------+-------------------------------------------
     0 | D:1      | Faeu the Deep Elf Fire Elementalist began the quest for the
                  | Orb.
     0 | D:1      | Reached XP level 1. HP: 10/10 MP: 6/6
     0 | D:1      | magus.rc [v1.9.6]
   226 | D:1      | Reached XP level 2. HP: 15/15 MP: 6/8
   403 | D:1      | HP: 3/15 [endoplasm (3)]
   774 | D:1      | Reached skill level 3 in Stealth
   774 | D:1      | Reached XP level 3. HP: 18/19 MP: 6/9
   989 | D:1      | Found a faded altar of an unknown god.
  1450 | D:2      | Reached skill level 3 in Dodging
  1554 | D:2      | Reached skill level 2 in Conjurations
  1780 | D:2      | Reached XP level 4. HP: 15/24 MP: 11/11
  1994 | D:2      | Noticed a phantom
  2125 | D:2      | HP: 6/24 [phantom (4)]
  2132 | D:2      | Killed a phantom
  2133 | D:2      | Reached skill level 4 in Spellcasting
  2133 | D:2      | Reached skill level 4 in Fire Magic
  2133 | D:2      | Reached XP level 5. HP: 8/28 MP: 7/13
  2842 | D:2      | Reached skill level 4 in Stealth
  3835 | D:3      | Noticed a phantom
  3879 | D:3      | Killed a phantom
  3880 | D:3      | Reached skill level 4 in Dodging
  3880 | D:3      | Reached skill level 3 in Conjurations
  3880 | D:3      | Reached skill level 1 in Hexes
  3880 | D:3      | Reached XP level 6. HP: 29/32 MP: 7/14
  4269 | D:4      | Noticed Eustachio
  4330 | D:4      | Reached skill level 1 in Staves
  4555 | D:4      | HP: 1/32 [orc priest/divine providence (10)]
  4975 | D:4      | HP: 7/31 [iguana (7)]
  4990 | D:5      | Entered Level 5 of the Dungeon
  5524 | D:4      | HP: 4/32 [orc priest/divine providence (5)]
  5554 | D:3      | HP: 5/32 [orc (2)]
  5568 | D:3      | HP: 4/32 [orc (1)]
  5569 | D:3      | HP: 1/32 [orc (3)]
  6240 | D:4      | Noticed Pikel
  6644 | D:4      | Killed Eustachio
  6645 | D:4      | Reached skill level 5 in Fire Magic
  6645 | D:4      | Reached XP level 7. HP: 32/36 MP: 3/16
  6856 | D:4      | HP: 8/36 [acid (4)]
  6866 | D:4      | HP: 4/36 [Pikel/bolt of acid (5)]
  6866 | D:4      | Splashed by Pikel's acid

Vanquished Creatures
  Eustachio (D:4)
  2 phantoms
  A lemure (D:4)
  A scorpion (D:4)
  An orc priest (D:4)
  2 iguanas (D:4)
  An orc wizard (D:4)
  2 adders (D:2)
  4 gnolls (D:2)
  An adder skeleton (D:4)
  2 worms
  2 dart slugs (D:1)
  5 orcs
  7 bats
  7 endoplasms
  4 giant cockroaches
  4 goblins
  10 hobgoblins
  11 jackals (D:3)
  5 kobolds
  7 quokkas
  7 ball pythons
  5 frilled lizards
  6 rats
98 creatures vanquished.

Vanquished Creatures (others)
  317 foxfires
317 creatures vanquished.

Grand Total: 415 creatures vanquished

Table legend:
 A = Non-vault XP
 B = Vault XP
 C = Vault XP percentage of total XP
 D = Non-vault monster count
 E = Vault monster count
 F = Vault count percentage of total count
                 A         B        C        D         E       F
            +---------+---------+-------+---------+---------+-------
      Total |     695 |     202 |  22.5 |      96 |       1 |   1.0
            +---------+---------+-------+---------+---------+-------
        D:1 |      55 |       0 |   0.0 |      29 |       0 |   0.0
        D:2 |     225 |       0 |   0.0 |      24 |       0 |   0.0
        D:3 |     153 |       0 |   0.0 |      29 |       0 |   0.0
        D:4 |     262 |     202 |  43.5 |      14 |       1 |   6.7
            +---------+---------+-------+---------+---------+-------

Illustrated notes

Table legend:
 A = Kills in this place as a percentage of kills in entire the game.
 B = Kills by you in this place as a percentage of kills by you in the entire game.
 C = Kills by friends in this place as a percentage of kills by friends in the entire game.
 D = Other kills in this place as a percentage of other kills in the entire game.
 E = Experience gained in this place as a percentage of experience gained in the entire game.
 F = Experience gained in this place divided by the number of levels of this place that you have seen.
                   A       B       C       D       E      F
               +-------+-------+-------+-------+-------+----------------------
         Total | 100.0 | 100.0 |   N/A |   N/A | 100.0 | 179.4
       Dungeon | 100.0 | 100.0 |   N/A |   N/A | 100.0 | 179.4
               +-------+-------+-------+-------+-------+----------------------

Table legend: (Time is in decaauts)
 A = Elapsed time spent in this place.
 B = Non-inter-level travel time spent in this place.
 C = Inter-level travel time spent in this place.
 D = Time resting spent in this place.
 E = Time spent auto-exploring this place.
 F = Levels seen in this place.
 G = Mean time per level.
                   A        B        C        D        E       F      G
               +--------+--------+--------+--------+--------+-----+--------+
         Total |   6889 |   6564 |    325 |   1944 |    971 |   5 | 1377.8 |
       Dungeon |   6889 |   6564 |    325 |   1944 |    971 |   5 | 1377.8 |
               +--------+--------+--------+--------+--------+-----+--------+

Top non-repeatable levels by time:
     D:3: 2502 daAuts
     D:1: 1528 daAuts
     D:2: 1440 daAuts
     D:4: 1398 daAuts
     D:5: 19 daAuts
